 Seeded DCSS version 0.29.1-13-g9f3cf754e1 (webtiles) character file.

Game seed: 16245865983455551772 (custom seed)

105415 Trevise the Devastator (level 16, -7/100 HPs)
             Began as a Gargoyle Fire Elementalist on Jan 25, 2023.
             Was a High Priest of Sif Muna.
             Mangled by a white ugly thing (32 damage)
             ... on level 14 of the Dungeon.
             The game lasted 01:29:41 (28048 turns).

Trevise the Devastator (GrFE)                      Turns: 28048, Time: 01:29:42

Health: -7/100     AC: 18    Str:  9    XL:     16   Next: 41%
Magic:  36/40      EV: 11    Int: 36    God:    Sif Muna [*****.]
Gold:   1179       SH:  6    Dex: 10    Spells: 7/37 levels left

rFire   + . .      SeeInvis +   W - staff of fire {rF+}
rCold   . . .      Faith    .   b - +3 warlock's mirror {reflect}
rNeg    + . .      Spirit   .   c - +0 steam dragon scales
rPois   ∞          Reflect  +   Z - +1 hat "Ucuef" {Will+ Slay+3 Stlth+}
rElec   +          Harm     .   a - +1 cloak {Stlth+}
rCorr   .          Rampage  .   x - +1 pair of gloves
Will    +++++                   (no boots)
Stlth   ++++......              E - amulet "Retegh" {rElec Regen+ Int+2 SInv}
HPRegen 1.06/turn               j - +6 ring of intelligence
MPRegen 0.27/turn               t - ring of Obsession {Will+++ MP+9 Str-5 Int+6 SInv}

@: corroded, flying
A: sickness immunity, AC +12, big wings, negative energy resistance 1,
electricity resistance, torment resistance 1, petrification resistance
a: Renounce Religion, Channel Magic, Forget Spell, Divine Exegesis


You were on level 14 of the Dungeon.
You worshipped Sif Muna.
Sif Muna was extremely pleased with you.
You visited 4 branches of the dungeon, and saw 23 of its levels.
You visited the Abyss 1 time.
You also visited: Ice Cave.

You collected 2625 gold pieces.
You spent 1446 gold pieces at shops.

Inventory:

Armour
 a - a +1 cloak of stealth (worn)
   (You found it on level 11 of the Dungeon)
 b - the +3 warlock's mirror (worn) {reflect}
   (You acquired it on level 1 of the Dungeon)

   It can block and reflect piercing ranged attacks and magical attacks against
   the wielder's willpower.
 c - +0 steam dragon scales (worn)
   (You found it on level 7 of the Dungeon)
 g - a +2 robe of cold resistance
   (You took it off Fannar on level 10 of the Dungeon)
 x - a +1 pair of gloves (worn)
   (You found it on level 6 of the Dungeon)
 Z - the +1 hat "Ucuef" (worn) {Will+ Slay+3 Stlth+}
   (You bought it in a shop on level 2 of the Orcish Mines)

   Slay:      It affects your accuracy & damage with ranged weapons and melee
   (+3).
   Will:      It increases your willpower.
   Stlth:     It makes you more stealthy.
Magical Staves
 W - a staff of fire (weapon) {rF+}
   (You acquired it on level 1 of the Dungeon)
Jewellery
 f - a ring of fire {rF+, rC-}
   (You found it on level 4 of the Lair of Beasts)
 j - a +6 ring of intelligence (left hand)
   (You found it on level 1 of the Dungeon)
 k - a ring of ice {rC+, rF-}
   (You took it off Fannar on level 10 of the Dungeon)
 t - the ring of Obsession (right hand) {Will+++ MP+9 Str-5 Int+6 SInv}
   (You bought it in a shop on level 7 of the Dungeon)

   [ring of intelligence]

   Str:       It affects your strength (-5).
   Int:       It affects your intelligence (+6).
   MP:        It affects your magic capacity (+9).
   SInv:      It lets you see invisible.
   Will:      It greatly increases your willpower.
 w - an amulet of magic regeneration
   (You found it on level 2 of the Lair of Beasts)
 C - a ring of protection from cold {rC+, !d}
   (You found it on level 2 of the Lair of Beasts)
 E - the amulet "Retegh" (around neck) {rElec Regen+ Int+2 SInv}
   (You acquired it on level 1 of the Dungeon)

   [amulet of regeneration]

   Int:       It affects your intelligence (+2).
   rElec:     It insulates you from electricity.
   SInv:      It lets you see invisible.
   Regen:     It increases your rate of health regeneration.
 G - an amulet of the acrobat
   (You found it on level 14 of the Dungeon)
Wands
 d - a wand of digging (6)
   (You took it off a gnoll on level 12 of the Dungeon)
 e - a wand of charming (26)
   (You took it off an orc on level 7 of the Dungeon)
 n - a wand of roots (49)
   (You found it on level 3 of the Dungeon)
 q - a wand of flame (129)
   (You found it on level 6 of the Dungeon)
 y - a wand of mindburst (11)
   (You found it on level 3 of the Lair of Beasts)
Scrolls
 i - 2 scrolls of vulnerability {unknown}
 l - 3 scrolls of enchant armour
 o - 2 scrolls of noise {!r}
 r - 2 scrolls of identify {@r1}
 u - a scroll of butterflies
 A - 10 scrolls of amnesia
 D - 3 scrolls of enchant weapon
 K - 3 scrolls of immolation {!r}
 R - 3 scrolls of poison
 S - 3 scrolls of summoning
 X - 3 scrolls of magic mapping {@r4!r}
 Y - 7 scrolls of teleportation {@r3}
Potions
 p - 7 potions of attraction {!q}
 B - 9 potions of brilliance
 F - 2 potions of might
 H - a potion of haste
 I - a potion of invisibility
 J - 10 potions of curing {@q1}
 L - 3 potions of flight
 M - 4 potions of magic
 N - a potion of heal wounds {@q2}
 P - 6 potions of lignification {!q}
 Q - 2 potions of cancellation
 U - 2 potions of mutation {!q}
Miscellaneous
 h - a piece from Xom's chessboard (15/15)
   (You found it in an ice cave)
 m - a phantom mirror
   (You found it on level 5 of the Lair of Beasts)
 s - a tin of tremorstones (2/2)
   (You found it on level 5 of the Lair of Beasts)
 v - a lightning rod (4/4)
   (You found it on level 11 of the Dungeon)
 z - a box of beasts
   (You found it on level 5 of the Lair of Beasts)


   Skills:
 + Level 11.2 Fighting
 - Level 1.7 Dodging
 - Level 2.3 Stealth
 - Level 11.4 Spellcasting
 * Level 17.5 Conjurations
 * Level 16.4 Fire Magic
 - Level 10.0 Invocations


You had 7 spell levels left.
You knew the following spells:

 Your Spells              Type           Power      Damage    Failure   Level
a - Fireball              Conj/Fire      60%        3d23      1%          5
b - Scorch                Fire           100%       2d10      0%          2
c - Flame Wave            Conj/Fire      100%       2d21      1%          4
d - Blink                 Tloc           40%        N/A       4%          2
e - Conjure Flame         Conj/Fire      100%       6-21      0%          3
f - Hailstorm             Conj/Ice       71%        3d15      1%          4
g - Fire Storm            Conj/Fire      60%        8d15      95%         9
h - Foxfire               Conj/Fire      100%       2x1d9     0%          1

Your spell library contained the following spells:

 Spells                   Type           Power      Damage    Failure   Level
 Magic Dart               Conj           100%       1d8       0%          1
 Inner Flame              Hex/Fire       88%        N/A       1%          3
 Stone Arrow              Conj/Erth      100%       3d13      1%          3
 Irradiate                Conj/Tmut      35%        3d23      1%          5
 Starburst                Conj/Fire      60%        6d16      1%          6
 Freeze                   Ice            80%        1d9       2%          1
 Sting                    Tmut/Pois      80%        1d7       2%          1
 Ensorcelled Hibernation  Hex/Ice        40%        N/A       4%          2
 Passwall                 Tmut/Erth      16%        N/A       4%          2
 Poisonous Vapours        Pois/Air       40%        N/A       4%          2
 Wereblood                Tmut           20%        N/A       4%          2
 Freezing Cloud           Conj/Ice/Air   29%        6-21      7%          5
 Call Canine Familiar     Summ           20%        N/A       9%          3
 Confusing Touch          Hex            20%        N/A       9%          3
 Lesser Beckoning         Tloc           20%        N/A       9%          3
 Ozocubu's Armour         Ice            20%        N/A       9%          3
 Portal Projectile        Hex/Tloc       40%        N/A       9%          3
 Spider Form              Tmut/Pois      20%        N/A       9%          3
 Tukima's Dance           Hex            20%        N/A       9%          3
 Iron Shot                Conj/Erth      35%        9d7       12%         6
 Anguish                  Hex/Necr       10%        N/A       26%         4
 Animate Armour           Summ/Erth      40%        N/A       26%         4
 Ice Form                 Ice/Tmut       20%        N/A       26%         4
 Olgreb's Toxic Radiance  Pois           20%        N/A       26%         4
 Summon Ice Beast         Ice/Summ       20%        N/A       26%         4
 Spellforged Servitor     Conj/Summ      35%        N/A       54%         7
 Blade Hands              Tmut           10%        N/A       58%         5
 Manifold Assault         Tloc           20%        N/A       58%         5
 Summon Forest            Summ/Tloc      10%        N/A       58%         5
 Summon Mana Viper        Hex/Summ       20%        N/A       58%         5
 Yara's Violent Unravell  Hex/Tmut       10%        3d6       58%         5
 Eringya's Noxious Bog    Tmut/Pois      10%        N/A       99%         6
 Summon Cactus Giant      Summ           10%        N/A       99%         6
 Dragon Form              Tmut           10%        N/A       100%        7
 Enfeeble                 Hex            10%        N/A       100%        7
 Ozocubu's Refrigeration  Ice            10%        4d9       100%        7
 Summon Hydra             Summ           10%        N/A       100%        7
 Lehudib's Crystal Spear  Conj/Erth      35%        10d9      99%         8
 Discord                  Hex            10%        N/A       100%        8
 Necromutation            Tmut/Necr      10%        N/A       100%        8
 Chain Lightning          Conj/Air       35%        3d47      100%        9
 Shatter                  Erth           10%        3d11*     100%        9


Dungeon Overview and Level Annotations

Branches:
Dungeon (15/15)            Temple (1/1) D:5            Lair (5/5) D:8
  Swamp (0/4) Lair:3        Snake (0/4) Lair:2        Slime (0/5) Lair:4
    Orc (2/2) D:12            Elf (0/3) Orc:2        Vaults (0/5) D:13
  IceCv (visited)
 Depths: D:15

Altars:
Ashenzari
Cheibriados
Dithmenos
Fedhas
Hepliaklqana
Kikubaaqudgha
Makhleb
Okawaru
Qazlal
Ru
Sif Muna
Trog
Vehumet
Xom
Yredelemnul
Zin

Shops:
D:3 [   D:4 *:[   D:7 =   Orc:1 *   Orc:2 ([((

Annotations:
D:14 exclusion: orange crystal statue


Innate Abilities, Weirdness & Mutations

You are immune to sickness and miasma.
Your stone body is resilient. (AC +12)
You are immune to poison.
Your large and strong wings let you fly.
You resist negative energy. (rN+)
You are resistant to electric shocks. (rElec)
You are resistant to unholy torment.
You are immune to petrification.


Message History

Sif Muna accepts your kill.
The flame wave engulfs the purple ugly thing!
The flame wave engulfs the white ugly thing.
The centaur warrior wields a +0 shortbow.
The centaur warrior shoots an arrow.
The arrow hits you. The brown ugly thing engulfs you. The acid corrodes you!
You are splashed with acid!
The purple ugly thing barely misses you.
The purple ugly thing gores you!
The centaur warrior shoots an arrow.
The arrow hits you!
The centaur shoots an arrow.
The arrow barely misses you.
The arrow hits the brown ugly thing.
You hear a horrible gurgling sound!
You take 47 damage, and have 53/100 hp.
MASSIVE DAMAGE!!
You now have 30/40 mp.
The brown ugly thing engulfs you!
You are splashed with acid!
The centaur warrior shoots an arrow.
You reflect the arrow off your +3 warlock's mirror {reflect}!
The arrow hits the centaur warrior!!
You block the purple ugly thing's attack.
The purple ugly thing closely misses you.
The brown ugly thing pecks you but does no damage.
You fly upwards.
Level annotation: exclusion: orange crystal statue
There is a stone staircase leading down here.
You take 17 damage, and have 36/100 hp.
You feel a surge of power!
A wave of flame ripples out!
The flame wave engulfs the purple ugly thing!!!
The flame wave engulfs the brown ugly thing!!
You kill the brown ugly thing!
Sif Muna accepts your kill.
The flame wave engulfs the brown ugly thing!!
You kill the brown ugly thing!
Sif Muna accepts your kill.
The flame wave engulfs the purple ugly thing.
The flame wave engulfs the purple ugly thing!! (Press . to intensify the flame waves.)
You block the purple ugly thing's attack.
The purple ugly thing barely misses you.
The purple ugly thing closely misses you.
You now have 27/40 mp.
A wave of flame ripples out!
The flame wave engulfs the purple ugly thing!!
You kill the purple ugly thing!
Sif Muna accepts your kill.
The flame wave engulfs the purple ugly thing!
The flame wave engulfs the purple ugly thing!!
You kill the purple ugly thing!
Sif Muna accepts your kill.
The purple ugly thing barely misses you.
You feel your intelligence returning.
You now have 26/40 mp.
A wave of flame ripples out!
The flame wave engulfs the purple ugly thing!!
You kill the purple ugly thing!
Sif Muna accepts your kill.
You finish channelling waves of flame.
You regained 2 hp, and now have 40/100 hp.
You start resting.
You are no longer corroded.
You regained 12 hp, and now have 52/100 hp.
You regained 3 mp, and now have 29/40 mp.
You start resting.
Health restored: 100; MP restored: 40 You fly downwards.
The centaur wields a +0 shortbow.
The centaur shoots an arrow.
The arrow hits you but does no damage.
The centaur shoots an arrow.
The arrow hits you!
The purple ugly thing pecks you but does no damage.
The white ugly thing stings you but does no damage.
The centaur shoots an arrow.
The arrow barely misses you.
The cyan ugly thing stings you but does no damage.
The brown ugly thing bites you!
You are splashed with acid!
You block the purple ugly thing's attack.
The white ugly thing stings you but does no damage.
There is a stone staircase leading up here.
You take 26 damage, and have 74/100 hp.
MASSIVE DAMAGE!!
The centaur shoots an arrow.
The arrow hits you but does no damage. You block the cyan ugly thing's attack.
You block the brown ugly thing's attack.
The centaur shoots an arrow.
The arrow hits you but does no damage. The white ugly thing stings you.
The white ugly thing freezes you!! The purple ugly thing pecks you.
You fly upwards.
Level annotation: exclusion: orange crystal statue
There is a stone staircase leading down here.
You take 25 damage, and have 49/100 hp.
MASSIVE DAMAGE!!
You feel a surge of power!
A wave of flame ripples out!
The flame wave engulfs the brown ugly thing!!
The flame wave engulfs the cyan ugly thing!
The flame wave engulfs the purple ugly thing!!
The flame wave engulfs the white ugly thing!! (Press . to intensify the flame waves.)
The cyan ugly thing misses you. The brown ugly thing bites you.
The acid corrodes you!
You are splashed with acid!
The white ugly thing stings you!
* * * LOW HITPOINT WARNING * * *
The white ugly thing freezes you!!
You die...

##.###............##..###
##.#................###.
#...................#.#.
#.......................
##.#..#.........##.....#
###..#........##.......
#.............#.......
##..u†................
##.u@.....##....##...
##uu†##..#.....#....
##..)..##.....#.#.$
###...#.........J.
#.####........)# ###
##......J?# #.##^....(
#####..... ....#


You could see 4 ugly things.

Vanquished Creatures
  Donald (Orc:1)
  Kirke (Lair:4)
  2 orc warlords (Orc:2)
  A yaktaur captain (D:13)
  Josephine (D:14)
  Fannar (D:10)
  3 boulder beetles
  Erolcha (Orc:2)
  7 hydras
  An ironbound frostheart (IceCv)
  A spriggan skeleton (Abyss:2)
  2 centaur warriors
  4 two-headed ogres
  A death yak (IceCv)
  3 orc high priests (Orc:2)
  A tengu warrior (D:13)
  Urug (D:12)
  Sonja (Lair:3)
  A hell knight (D:11)
  Amaemon (D:8)
  2 wretched stars (Abyss:2)
  A bunyip zombie (Abyss:2)
  A deep troll (Orc:1)
  A lindwurm (Lair:5)
  4 starcursed masses
  A wizard (D:14)
  5 orc knights
  5 orc sorcerers (Orc:2)
  2 deep elf pyromancers
  11 ugly things
  A manticore (D:13)
  4 cyclopes
  Maurice (D:8)
  18 elephants
  Joseph (D:8)
  2 black mambas
  An apocalypse crab (Abyss:3)
  An ice statue (IceCv)
  An orange demon (D:8)
  A gargoyle (D:13)
  7 cane toads
  Psyche (D:8)
  A kobold demonologist (D:11)
  7 komodo dragons
  2 yaktaurs (D:13)
  An unseen horror (D:11)
  A rime drake (shapeshifter) (D:11)
  5 rime drakes
  2 ice devils (Lair:1)
  2 ancient zymes
  9 trolls
  A raiju (Abyss:3)
  17 blink frogs
  6 hornets
  13 polar bears
  4 large abominations
  13 dream sheep (Lair:3)
  16 slime creatures
  A ynoxinul (Abyss:2)
  Sigmund (D:5)
  A culicivora (shapeshifter) (D:14)
  15 spriggans (Lair:5)
  6 wraiths
  3 shadows
  71 yaks
  A human (D:11)
  4 basilisks
  A vampire (Abyss:2)
  8 wyverns
  A fire bat (shapeshifter) (D:13)
  9 hogs
  A fire elemental (D:10)
  A steam dragon (D:7)
  4 vampire mosquitoes
  5 wargs
  3 nagas (Lair:2)
  17 water moccasins
  A swamp drake (Lair:3)
  2 ice beasts
  38 orc warriors
  8 black bears
  A sky beast (Abyss:2)
  3 ogres
  49 wolves
  9 boggarts
  8 centaurs
  4 kobold brigands
  9 bullfrogs
  2 necrophages
  2 gnoll sergeants
  6 scorpions
  11 wights
  5 killer bees
  4 howler monkeys
  2 lava snakes
  A quasit (Abyss:2)
  22 orc priests
  A gnoll bouda (D:7)
  4 hounds
  An iron imp (D:5)
  Jessica (D:2)
  3 iguanas
  21 orc wizards
  Natasha (thrice) (D:3)
  4 hell rats (Lair:4)
  A boggart simulacrum (D:14)
  A hound skeleton (D:4)
  14 gnolls
  5 adders
  A shadow imp (Abyss:2)
  A white imp (D:5)
  An ufetubus (Abyss:2)
  A dart slug (D:5)
  83 orcs
  6 ball pythons
  3 bats
  8 endoplasms
  A giant cockroach (D:4)
  5 goblins
  8 hobgoblins
  31 kobolds
  4 quokkas
  3 frilled lizards
  7 rats
  2 bushes
771 creatures vanquished.

Vanquished Creatures (collateral kills)
  8 foxfires
8 creatures vanquished.

Vanquished Creatures (others)
  A yak (D:12)
  A kobold brigand (D:6)
  An orc wizard (Orc:2)
  An orc (D:10)
  1154 foxfires
  70 fungi
  A lurking horror (Abyss:2)
  71 plants
  12 starspawn tentacles (Abyss:2)
1312 creatures vanquished.

Grand Total: 2091 creatures vanquished

Notes
Turn   | Place    | Note
-------+----------+-------------------------------------------
     0 | D:1      | Trevise the Gargoyle Fire Elementalist began the quest for
                  | the Orb.
     0 | D:1      | Reached XP level 1. HP: 10/10 MP: 3/3
   113 | D:1      | Identified 3 scrolls of acquirement
   113 | D:1      | Acquired a staff of fire
   118 | D:1      | Acquired the +3 warlock's mirror {reflect}
   118 | D:1      | Found the +3 warlock's mirror {reflect}
   125 | D:1      | Acquired the amulet "Retegh" {rElec Regen+ Int+2 SInv}
   162 | D:1      | Reached XP level 2. HP: 15/15 MP: 0/5
   218 | D:1      | Learned a level 2 spell: Scorch
   290 | D:1      | Found a faded altar of an unknown god.
  1165 | D:1      | Reached XP level 3. HP: 19/19 MP: 3/6
  1706 | D:2      | Noticed Jessica
  1711 | D:2      | Killed Jessica
  1712 | D:2      | Reached skill level 3 in Spellcasting
  1712 | D:2      | Reached skill level 2 in Conjurations
  1712 | D:2      | Reached XP level 4. HP: 24/24 MP: 2/8
  2413 | D:3      | Found Ymmy Ciutu's Antique Armour Shoppe.
  2464 | D:3      | Reached skill level 1 in Fighting
  2464 | D:3      | Reached XP level 5. HP: 29/29 MP: 0/10
  2757 | D:3      | Noticed Natasha
  2768 | D:3      | Killed Natasha
  3008 | D:3      | Noticed Natasha
  3126 | D:3      | Killed Natasha
  3127 | D:3      | Reached skill level 3 in Conjurations
  3127 | D:3      | Reached XP level 6. HP: 35/35 MP: 7/11
  3196 | D:3      | Learned a level 4 spell: Flame Wave
  3212 | D:3      | Noticed Natasha
  3220 | D:3      | Killed Natasha
  3221 | D:3      | Reached skill level 4 in Spellcasting
  3221 | D:3      | Reached skill level 4 in Fire Magic
  3308 | D:4      | Found Gamycsypi's Antique Armour Boutique.
  3333 | D:4      | Found Koenoidu's Book Boutique.
  3357 | D:4      | Reached skill level 2 in Fighting
  3496 | D:4      | Found a snail-covered altar of Cheibriados.
  3513 | D:4      | Found Tuuwolaw's General Store.
  3600 | D:4      | Reached XP level 7. HP: 40/40 MP: 6/13
  3766 | D:4      | Found a burning altar of Makhleb.
  3933 | D:4      | Found a shadowy altar of Dithmenos.
  4159 | D:5      | Entered Level 5 of the Dungeon
  4166 | D:5      | Noticed Sigmund
  4173 | D:5      | Killed Sigmund
  4174 | D:5      | Reached skill level 3 in Fighting
  4174 | D:5      | Reached skill level 5 in Spellcasting
  4174 | D:5      | Reached skill level 4 in Conjurations
  4491 | D:5      | Reached skill level 5 in Fire Magic
  4491 | D:5      | Reached XP level 8. HP: 46/46 MP: 12/16
  4748 | D:5      | Found a glowing silver altar of Zin.
  5003 | D:5      | Found a staircase to the Ecumenical Temple.
  5012 | Temple   | Entered the Ecumenical Temple
  5017 | Temple   | Became a worshipper of Sif Muna the Loreminder
  5874 | D:6      | Reached skill level 4 in Fighting
  5874 | D:6      | Reached skill level 6 in Spellcasting
  5929 | D:6      | Reached skill level 5 in Conjurations
  6038 | D:6      | Acquired 484 gold pieces
  7207 | D:7      | Found Dackej's Jewellery Shoppe.
  7317 | D:7      | Reached XP level 9. HP: 52/52 MP: 7/19
  7390 | D:6      | Reached skill level 5 in Fighting
  7390 | D:6      | Reached skill level 6 in Fire Magic
  7514 | D:7      | Reached * piety under Sif Muna
  7515 | D:7      | Reached skill level 7 in Spellcasting
  7681 | D:7      | Reached skill level 6 in Conjurations
  7823 | D:7      | Found a hazy altar of Hepliaklqana.
  8411 | D:8      | Noticed Amaemon
  8411 | D:8      | Noticed an orange demon
  8415 | D:8      | Killed an orange demon
  8416 | D:8      | Reached skill level 2 in Invocations
  8417 | D:8      | Killed Amaemon
  8418 | D:8      | Reached skill level 8 in Spellcasting
  8418 | D:8      | Reached skill level 7 in Conjurations
  8418 | D:8      | Reached skill level 7 in Fire Magic
  8418 | D:8      | Reached skill level 3 in Invocations
  8418 | D:8      | Reached XP level 10. HP: 40/60 MP: 8/22
  8421 | D:8      | Reached skill level 4 in Invocations
  8607 | D:8      | Reached ** piety under Sif Muna
  8620 | D:8      | Reached skill level 5 in Invocations
  8702 | D:8      | Noticed Maurice
  8710 | D:8      | Killed Maurice
  8848 | D:8      | Found a staircase to the Lair.
  8914 | D:8      | Noticed Joseph
  8918 | D:8      | Killed Joseph
  8990 | D:8      | Reached skill level 6 in Invocations
  9044 | D:8      | Learned a level 2 spell: Blink
  9264 | D:8      | Found a stormy altar of Qazlal.
  9391 | D:8      | Noticed Psyche
  9397 | D:8      | Killed Psyche
  9548 | D:9      | Reached skill level 8 in Conjurations
  9595 | D:9      | Found a sacrificial altar of Ru.
  9710 | D:9      | Noticed a two-headed ogre
  9712 | D:9      | Found an iron altar of Okawaru.
  9712 | D:9      | Found a shimmering altar of Xom.
  9715 | D:9      | Killed a two-headed ogre
  9716 | D:9      | Reached skill level 8 in Fire Magic
  9716 | D:9      | Reached skill level 7 in Invocations
  9716 | D:9      | Reached XP level 11. HP: 64/64 MP: 14/23
  9763 | D:9      | Found a broken altar of Ashenzari.
  9932 | D:9      | Noticed a two-headed ogre
  9939 | D:9      | Reached skill level 9 in Spellcasting
  9941 | D:9      | Killed a two-headed ogre
 10345 | D:10     | Entered Level 10 of the Dungeon
 10354 | D:10     | Reached skill level 8 in Invocations
 10505 | D:10     | Reached *** piety under Sif Muna
 10858 | D:10     | Noticed Fannar
 10866 | D:10     | Killed Fannar
 10867 | D:10     | Reached skill level 9 in Conjurations
 10867 | D:10     | Reached skill level 9 in Invocations
 11028 | D:10     | You fall into a shaft and drop 1 floor!
 11610 | D:11     | Noticed a two-headed ogre
 11615 | D:11     | Killed a two-headed ogre
 11616 | D:11     | Reached skill level 9 in Fire Magic
 12021 | D:11     | Reached XP level 12. HP: 67/69 MP: 18/25
 12428 | D:12     | Reached skill level 10 in Invocations
 12429 | D:12     | Reached **** piety under Sif Muna
 12438 | D:12     | Reached skill level 10 in Spellcasting
 12653 | Lair:1   | Entered Level 1 of the Lair of Beasts
 12723 | Lair:1   | Found a frozen archway.
 12729 | Lair:1   | Reached skill level 10 in Conjurations
 12779 | IceCv    | Entered an ice cave
 13045 | IceCv    | Reached skill level 10 in Fire Magic
 13549 | IceCv    | Reached skill level 11 in Conjurations
 13701 | IceCv    | Noticed an ironbound frostheart
 13703 | IceCv    | Reached skill level 11 in Spellcasting
 13703 | IceCv    | Noticed a death yak
 13888 | IceCv    | Killed an ironbound frostheart
 13888 | IceCv    | Reached ***** piety under Sif Muna
 13889 | IceCv    | Reached XP level 13. HP: 30/74 MP: 14/28
 14285 | Lair:1   | Reached skill level 11 in Fire Magic
 14635 | Lair:1   | Received a gift from Sif Muna
 14642 | Lair:1   | Got Sif Muna's Omnibus of the Maledictive Glacier {god
                  | gift}
 15099 | Lair:2   | Found a staircase to the Snake Pit.
 15110 | Lair:2   | Reached skill level 12 in Conjurations
 15298 | Lair:2   | Learned a level 3 spell: Conjure Flame
 15513 | Lair:2   | Reached skill level 6 in Fighting
 16093 | Lair:3   | Reached skill level 12 in Fire Magic
 16121 | Lair:3   | Noticed Sonja
 16285 | Abyss:2  | Cast into level 2 of the Abyss (Sonja)
 16316 | Abyss:2  | Noticed a starcursed mass
 16340 | Abyss:2  | Reached skill level 13 in Conjurations
 16385 | Abyss:2  | HP: 4/60 [bunyip zombie (22)]
 16387 | Abyss:2  | Noticed a tentacled starspawn
 16388 | Abyss:2  | Reached skill level 7 in Fighting
 16554 | Abyss:2  | Noticed a starcursed mass
 16618 | Abyss:2  | Noticed a tentacled starspawn
 16659 | Abyss:2  | Gained mutation: Your large and strong wings let you fly.
                  | [Gargoyle growth]
 16659 | Abyss:2  | Reached XP level 14. HP: 28/65 MP: 5/23
 16661 | Abyss:2  | HP: 15/65 [tentacled starspawn (16)]
 16662 | Abyss:3  | Found a shimmering blue altar of Sif Muna.
 16710 | Abyss:3  | Noticed a starcursed mass
 16777 | Lair:3   | Escaped the Abyss
 16781 | Lair:3   | Killed Sonja
 16894 | Lair:3   | Reached skill level 13 in Fire Magic
 16990 | Lair:3   | Found a staircase to the Swamp.
 17116 | Lair:3   | Learned a level 4 spell: Hailstorm
 17126 | Lair:3   | Learned a level 9 spell: Fire Storm
 17645 | D:7      | Bought the ring of Obsession {Will+++ MP+9 Str-5 Int+6
                  | SInv} for 1086 gold pieces
 17772 | D:4      | Bought a scroll of identify for 24 gold pieces
 17772 | D:4      | Bought a scroll of identify for 24 gold pieces
 17942 | Lair:4   | Reached skill level 14 in Conjurations
 17944 | Lair:4   | Reached skill level 8 in Fighting
 17956 | Lair:4   | Received a gift from Sif Muna
 18223 | Lair:4   | Found a staircase to the Slime Pits.
 18234 | Lair:4   | Noticed Kirke
 18237 | Lair:4   | Noticed a sphinx
 18244 | Lair:4   | Killed Kirke
 18669 | Lair:5   | Entered Level 5 of the Lair of Beasts
 18870 | Lair:5   | Reached skill level 14 in Fire Magic
 19072 | Lair:5   | Reached skill level 15 in Conjurations
 19304 | Lair:5   | Reached skill level 9 in Fighting
 19518 | Lair:5   | Received a gift from Sif Muna
 19519 | Lair:5   | Got Sif Muna's Commentary on the Transmuted Legion {god
                  | gift}
 19540 | Lair:5   | Reached XP level 15. HP: 79/90 MP: 15/30
 21550 | D:12     | Found a staircase to the Orcish Mines.
 21592 | D:12     | Noticed Urug
 21602 | D:12     | Killed Urug
 22366 | Orc:1    | Entered Level 1 of the Orcish Mines
 22374 | Orc:1    | Reached skill level 16 in Conjurations
 22382 | Orc:1    | Reached skill level 15 in Fire Magic
 22512 | Orc:1    | Found Uwankog's General Store.
 22764 | Orc:1    | Bought a scroll of teleportation for 42 gold pieces
 22776 | Orc:2    | Entered Level 2 of the Orcish Mines
 22796 | Orc:2    | Received a gift from Sif Muna
 22797 | Orc:2    | Got Kooxziobir's Directory of Reformed Accomplices {god
                  | gift}
 22808 | Orc:2    | Noticed Erolcha
 22894 | Orc:2    | Killed Erolcha
 22897 | Orc:2    | Noticed an orc warlord
 22908 | Orc:2    | Killed an orc warlord
 22909 | Orc:2    | Reached skill level 10 in Fighting
 22909 | Orc:2    | Noticed Donald
 23046 | Orc:2    | HP: 18/92 [deep troll (14)]
 23052 | Orc:1    | HP: 19/92 [Donald/+0 long sword (20)]
 23053 | Orc:1    | HP: 4/92 [Donald/+0 long sword (29)]
 23066 | Orc:1    | Killed Donald
 23429 | Orc:2    | Found a staircase to the Elven Halls.
 23473 | Orc:2    | Noticed an orc warlord
 23493 | Orc:2    | HP: 23/92 [orc priest/divine providence (13)]
 23746 | Orc:2    | Killed an orc warlord
 24216 | Orc:2    | Found Bueli's Antique Weapon Shoppe.
 24221 | Orc:2    | Found Goaph's Antique Armour Emporium.
 24235 | Orc:2    | Bought a buzzing hat for 270 gold pieces
 24235 | Orc:2    | Identified the +1 hat "Ucuef" {Will+ Slay+3 Stlth+} (You
                  | bought it in a shop on level 2 of the Orcish Mines)
 24851 | Orc:2    | Found Zoahoj's Weapon Boutique.
 24976 | Orc:2    | Found Lueshr Buat's Antique Weapon Emporium.
 25344 | D:13     | Reached XP level 16. HP: 68/99 MP: 24/31
 25623 | D:13     | Found a gate to the Vaults.
 25678 | D:13     | Reached skill level 17 in Conjurations
 25905 | D:13     | Reached skill level 16 in Fire Magic
 26067 | D:13     | Received a gift from Sif Muna
 26068 | D:13     | Got Vulaalo's Verses on Deathly Striking {god gift}
 26080 | D:13     | Learned a level 5 spell: Fireball
 26881 | D:14     | Reached skill level 11 in Fighting
 27186 | D:14     | Noticed Josephine
 27190 | D:14     | Killed Josephine
 27861 | D:15     | Entered Level 15 of the Dungeon
 28048 | D:14     | HP: 25/100 [white ugly thing (12)]
 28048 | D:14     | Mangled by a white ugly thing

Illustrated notes

Levels and vault maps discovered:
D:1:      minmay_arrival_hallway, layout_loops_corners, basic_ecumenical_altar,
          minmay_unequal
D:2:      layout_loops_ring, uniq_jessica
D:3:      layout_basic, serial_shops, nicolae_shop_advertising_works
          [nicolae_subvault_shop_adworks], minmay_shallow_snake_nest,
          uniq_natasha
D:4:      layout_rooms, grunt_dithmenos_smoke_and_mirrors,
          makhleb_blood_cavern_becter, slow_altar_1, serial_shops,
          nicolae_square_shop, nicolae_shop_temple_entry_statues_fountains,
          kennysheep_mini_moat, chequers_serial_rivers_large_a,
          minmay_fractal_squares_gapless_5
D:5:      layout_layer_cave, mainiacjoe_overflow_cross_hatched,
          lemuel_temple_firewalk_b, uniq_sigmund
D:6:      layout_basic
D:7:      layout_basic, nicolae_hepliaklqana_hazy_memory, serial_shops,
          nicolae_stop_n_shop_2
D:8:      layout_basic, nicolae_qazlal_style_of_elements,
          grunt_lair_entry_orc_guard_hut, uniq_amaemon, uniq_psyche,
          uniq_joseph, uniq_maurice
D:9:      layout_roguey, nicolae_overflow_crystal_walls,
          gammafunk_temple_overflow_claw
D:10:     layout_loops_ring, uniq_fannar
D:11:     layout_long_grid, grunt_livestock, kennysheep_island_fort
D:12:     layout_basic, orc_0_dummy, serial_glass, glass_columns_a,
          glass_columns_a, glass_columns_a, glass_columns_a, glass_columns_a,
          glass_columns_a, uniq_urug
D:13:     layout_cave_pods, david_vaults_2
D:14:     layout_cave_pools, grunt_decor_junction, minmay_protected_statue,
          uniq_josephine
D:15:     grunt_enter_depths_hoard, layout_rooms, minmay_misc_feat_diagonals,
          serial_shops, shop, nicolae_yredelemnul_corpse_copse
Temple:   nicolae_temple_bog_church
Lair:1:   layout_loops_ring, portal_ice_cave_demonic_guard, grunt_megastairs_2
Lair:2:   layout_roguey, guppyfry_snake_entry_island
Lair:3:   layout_cave_shapes, minmay_swamp_entry_reptiles, uniq_sonja
Lair:4:   layout_roguey, slime_entry_1, grunt_megastairs_3, uniq_kirke
Lair:5:   minmay_lair_end_enchanted_forest, layout_long_grid,
          infiniplex_staircase_pool_2
Orc:1:    layout_caves, basic_altar, serial_shops, nicolae_shop_waterfront
Orc:2:    grunt_orc_community_town_hall, layout_diamond_mine,
          grunt_orc_community_big_house_2, grunt_orc_community_big_house_2,
          grunt_orc_community_house_3, grunt_orc_community_house_1,
          grunt_orc_community_house_3, grunt_orc_community_house_1,
          guppyfry_orc_lava_fort, uniq_donald, uniq_erolcha

Skill      XL: |  1  2  3  4  5  6  7  8  9 10 11 12 13 14 15 16 |
---------------+-------------------------------------------------+-----
Spellcasting   | 3 4 5 6 8 9 11 | 11.4
Conjurations   | 2 3 4 5 7 8 9 11 13 15 16 17 | 17.5
Fighting       | 1 2 3 4 5 7 9 10 11 | 11.2
Fire Magic     | 4 5 7 8 9 10 12 14 15 16 | 16.4
Invocations    | 3 7 9 10 | 10.0
Dodging        | |  1.7
Stealth        | |  2.3

Action                   |  1- 3 |  4- 6 |  7- 9 | 10-12 | 13-15 | 16-18 || total
-------------------------+-------+-------+-------+-------+-------+-------++-------
Melee: Staff             |     7 |    20 |    20 |    35 |    19 |       ||   101
       Dagger            |     1 |       |       |       |       |       ||     1
 Cast: Foxfire           |    31 |    56 |   121 |    97 |   359 |    40 ||   704
       Scorch            |     3 |    15 |    30 |    68 |   171 |    16 ||   303
       Flame Wave        |       |       |    11 |    54 |   170 |    22 ||   257
       Blink             |       |       |       |     1 |     6 |     2 ||     9
       Conjure Flame     |       |       |       |       |     2 |       ||     2
       Hailstorm         |       |       |       |       |    17 |     2 ||    19
       Fireball          |       |       |       |       |       |    38 ||    38
Invok: Channel Magic     |       |       |       |       |     9 |       ||     9
Evoke: Wand              |       |       |       |       |       |     1 ||     1
  Use: Scroll            |     3 |     3 |     1 |    10 |    15 |     3 ||    35
       Potion            |       |       |       |       |     4 |       ||     4
 Stab: Confused          |       |     1 |       |       |       |       ||     1
Armor: Robe              |     1 |     5 |    13 |       |       |       ||    19
       Steam dragon scal |       |       |     4 |    80 |   215 |    55 ||   354
Dodge: Dodged            |     5 |     9 |    42 |    93 |   192 |    60 ||   401
Block: Buckler           |     2 |     9 |    19 |    56 |   129 |    31 ||   246
       Reflection        |       |     3 |     1 |     4 |    24 |     7 ||    39

Table legend: (Time is in decaauts)
 A = Elapsed time spent in this place.
 B = Non-inter-level travel time spent in this place.
 C = Inter-level travel time spent in this place.
 D = Time resting spent in this place.
 E = Time spent auto-exploring this place.
 F = Levels seen in this place.
 G = Mean time per level.
                   A        B        C        D        E       F      G
               +--------+--------+--------+--------+--------+-----+--------+
         Total |  28098 |  26766 |   1332 |   7392 |  14660 |  26 | 1080.7 |
       Dungeon |  17355 |  16428 |    927 |   3404 |  10713 |  15 | 1157.0 |
        Temple |     10 |      5 |      5 |      0 |      0 |   1 |   10.0 |
          Lair |   6016 |   5687 |    329 |   1695 |   2951 |   5 | 1203.2 |
  Orcish Mines |   2758 |   2688 |     70 |   1230 |    879 |   2 | 1379.0 |
         Abyss |    474 |    474 |      0 |    206 |      0 |   2 |  237.0 |
      Ice Cave |   1482 |   1482 |      0 |    857 |    116 |   1 | 1482.0 |
               +--------+--------+--------+--------+--------+-----+--------+

Top non-repeatable levels by time:
  Lair:5: 2047 daAuts
    D:13: 1809 daAuts
     D:6: 1669 daAuts
     D:5: 1658 daAuts
   Orc:2: 1520 daAuts
   IceCv: 1482 daAuts
     D:1: 1305 daAuts
    D:10: 1270 daAuts
   Orc:1: 1237 daAuts
  Lair:2: 1214 daAuts
    D:11: 1180 daAuts
     D:8: 1142 daAuts
    D:12: 1141 daAuts
     D:3: 1134 daAuts
     D:7: 1131 daAuts

Table legend:
 A = Kills in this place as a percentage of kills in entire the game.
 B = Kills by you in this place as a percentage of kills by you in the entire game.
 C = Kills by friends in this place as a percentage of kills by friends in the entire game.
 D = Other kills in this place as a percentage of other kills in the entire game.
 E = Experience gained in this place as a percentage of experience gained in the entire game.
 F = Experience gained in this place divided by the number of levels of this place that you have seen.
                   A       B       C       D       E      F
               +-------+-------+-------+-------+-------+----------------------
         Total | 100.0 | 100.0 |   N/A | 100.0 | 100.0 | 5792.1
       Dungeon |  43.8 |  43.7 |   N/A |  66.7 |  35.5 | 3564.3
          Lair |  27.6 |  27.7 |   N/A |   0.0 |  36.0 | 10833.8
  Orcish Mines |  19.7 |  19.6 |   N/A |  33.3 |  14.9 | 11203.5
         Abyss |   2.8 |   2.9 |   N/A |   0.0 |   6.1 | 4611.0
      Ice Cave |   6.1 |   6.1 |   N/A |   0.0 |   7.5 | 11332.0
               +-------+-------+-------+-------+-------+----------------------
